 Dungeon Crawl Stone Soup version 0.16-a0-3074-gc0bb631 (webtiles) character file.

231 Ololoev the Poker (level 5, -5/41 HPs)
             Began as a Mummy Chaos Knight on Dec 11, 2014.
             Was a Plaything of Xom.
             Slain by an ogre
             ... wielding a +0 giant club
              (7 damage)
             ... on level 3 of the Dungeon.
             The game lasted 00:10:35 (2342 turns).

Ololoev the Poker (Mummy Chaos Knight)              Turns: 2342, Time: 00:10:35

Health: -5/41      AC: 10    Str: 17    XL:     5   Next: 73%
Magic:  5/5        EV:  9    Int: 11    God:    Xom [..*...]
Gold:   140        SH:  0    Dex: 11    Spells: 0 memorised, 4 levels left

rFire  x . .     SeeInvis .     a - +0 spear (chaos)
rCold  + . .     Clarity  .     i - +0 scale mail (curse)
rNeg   + + +     SustAb   .     (no shield)
rPois  ∞         Gourm    .     j - +0 helmet
rElec  .         Spirit   .     h - +1 cloak {rPois}
rCorr  .         Warding  .     (no gloves)
rMut   .         Stasis   .     (no boots)
MR     .....                    (no amulet)
Stlth  ..........               (no ring)
                                f - +1 ring of strength

@: not resistant to hostile enchantments, extremely unstealthy
A: no food or potions, fire vulnerability, restore body, cold resistance 1,
negative energy resistance 3, poison resistance, torment resistance, unbreathing
a: Renounce Religion


You were on level 3 of the Dungeon.
You worshipped Xom.
You were a toy of Xom.
You were not hungry.

You visited 1 branch of the dungeon, and saw 4 of its levels.

You collected 140 gold pieces.

Notes
Turn   | Place    | Note
--------------------------------------------------------------
     0 | D:1      | Ololoev, the Mummy Chaos Knight, began the quest for the Orb.
     0 | D:1      | Reached XP level 1. HP: 18/18 MP: 1/1
   284 | D:1      | Reached XP level 2. HP: 21/24 MP: 2/2
   563 | D:1      | XOM is BORED!
   563 | D:1      | XOM: mild Divn miscast
   647 | D:2      | XOM: divination: detect items
   742 | D:2      | Found a sparkling altar of Nemelex Xobeh.
   919 | D:2      | Reached XP level 3. HP: 29/29 MP: 3/3
  1449 | D:3      | Reached XP level 4. HP: 33/35 MP: 4/4
  1833 | D:4      | Noticed an ogre
  1836 | D:4      | XOM: butterfly on damage
  1847 | D:4      | Killed an ogre
  1847 | D:4      | Reached skill level 4 in Polearms
  1847 | D:4      | Reached XP level 5. HP: 26/41 MP: 5/5
  1866 | D:4      | XOM: harmless Ice miscast
  2007 | D:4      | XOM: enchant monster (good)
  2060 | D:4      | XOM: scenery: create altars
  2149 | D:4      | XOM: god gift: spear {god gift}
  2304 | D:4      | XOM: silly message
  2310 | D:3      | Noticed an ogre
  2314 | D:3      | XOM: confuse monster(s)
  2335 | D:3      | XOM: butterfly on damage
  2337 | D:3      | HP: 2/41 [ogre/giant club (24)]
  2342 | D:3      | Slain by an ogre

Inventory:

Hand weapons
 a - a +0 spear of chaos (weapon)
Armour
 h - a +1 cloak of poison resistance (worn)
 i - a cursed +0 scale mail (worn)
 j - a +0 helmet (worn)
Jewellery
 f - a +1 ring of strength (left hand)
Scrolls
 b - 2 scrolls of teleportation
 c - 2 scrolls of amnesia
 d - 3 scrolls of remove curse
 e - a scroll of identify
 g - a scroll of blinking
 k - a scroll of immolation

Table legend:
 A = Turns spent in this place as a percentage of turns spent in the entire game.
 B = Non-inter-level travel turns spent in this place as a percentage of non-inter-level travel turns spent in the entire game.
 C = Inter-level travel turns spent in this place as a percentage of turns spent in this place.
 D = Turns resting spent in this place as a percentage of non-inter-level travel turns spent in this place.
 E = Turns spent auto-exploring this place as a percentage of non-inter-level travel turns spent in this place.
 F = Non-inter-level travel turns spent in this place divided by the number of levels of this place that you've seen.
                   A       B       C       D       E      F
               +-------+-------+-------+-------+-------+----------------------
         Total | 100.0 | 100.0 |   1.1 |   1.4 |  14.1 | 201.5
       Dungeon | 100.0 | 100.0 |   1.1 |   1.4 |  14.1 | 201.5
               +-------+-------+-------+-------+-------+----------------------


   Skills:
 - Level 3.0 Fighting
 * Level 4.6 Polearms
 + Level 3.1 Armour
 - Level 0.7 Dodging


You had 4 spell levels left.
You didn't know any spells.

Dungeon Overview and Level Annotations

Branches:
Dungeon (4/15)
 Temple: D:4-7

Altars:
Nemelex Xobeh
Xom


Innate Abilities, Weirdness & Mutations

You do not eat or drink.
Your flesh is vulnerable to fire.
Your flesh is cold resistant.
You are immune to negative energy.
Your system is resistant to poisons.
You are immune to unholy pain and torment.
You can survive without breathing.


Message History

You hit the ogre but do no damage.
The ogre is lightly wounded.
The ogre stops moving altogether!
You hit the ogre.
The ogre is lightly wounded.
The adder barely misses you.
You hit the ogre.
The ogre is moderately wounded.
The adder bites you but does no damage. The adder bites you but does no damage.
Your scale mail prevents you from hitting the adder.
The adder is lightly wounded.
The adder closely misses you.
You hit the adder. You burn the adder.
The adder is heavily wounded.
The adder closely misses you.
You miss the adder.
The adder is heavily wounded.
The adder bites you but does no damage.
You hit the adder.
There is a sudden explosion of sparks!
You kill the adder!
You see here an adder corpse.
You hit the ogre.
The ogre is poisoned.
The ogre is moderately wounded.
You hit the ogre. You burn the ogre.
The ogre is heavily wounded.
The ogre is no longer petrified.
The ogre hits you with a giant club!
A shower of butterflies erupts from you!
You hit the ogre. You freeze the ogre.
The ogre is heavily wounded.
Your scale mail prevents you from hitting the ogre.
The ogre is heavily wounded.
The ogre hits you with a giant club!!
Ouch! That really hurt!
You see here an adder corpse.
You barely miss the ogre.
The ogre is severely wounded.
The ogre hits you with a giant club!
You die...
Xom thinks this is hilarious!

.## ######### #..#
..################.......## ##..#
..........................# #....
..################.......## #....
..# #.####### ##.... ..## #####
#.# ######..... #..## #...###.#
##.......... ##..########bb.##..#
#..###......
##.#........†.O@.####.###..##...
#.........####..##.%.# #.###...
####.......(# ##.#..#####.# ##.#
#...........# #....#####..# #.#
..###.......# ##.#...#...## #†#
.## ##....>## #.##....### #.#
.#####.....######.##....# #.#
...............##.####..##### #.#
...#............#..##.......###..


You could see an ogre.

Table legend:
 A = Kills in this place as a percentage of kills in entire the game.
 B = Kills by you in this place as a percentage of kills by you in the entire game.
 C = Kills by friends in this place as a percentage of kills by friends in the entire game.
 D = Other kills in this place as a percentage of other kills in the entire game.
 E = Experience gained in this place as a percentage of experience gained in the entire game.
 F = Experience gained in this place divided by the number of levels of this place that you have seen.
                   A       B       C       D       E      F
               +-------+-------+-------+-------+-------+----------------------
         Total | 100.0 | 100.0 |  -nan |  -nan | 100.0 |  82.8
       Dungeon | 100.0 | 100.0 |  -nan |  -nan | 100.0 |  82.8
               +-------+-------+-------+-------+-------+----------------------

Vanquished Creatures
  An ogre (D:4)
  2 worker ants
  3 adders
  2 worms
  3 giant geckos
  An ooze (D:4)
  5 orcs
  5 giant cockroaches
  5 goblins
  12 hobgoblins
  2 jackals (D:2)
  4 kobolds
  A quokka (D:2)
  7 bats
  3 giant newts
  7 rats
63 creatures vanquished.

Vanquished Creatures (others)
  A butterfly (D:4)
1 creature vanquished.

Grand Total: 64 creatures vanquished

Action                   |  1- 3 |  4- 6 || total
-------------------------+-------+-------++-------
Melee: Spear             |   143 |   144 ||   287
  Use: Scroll            |     4 |     3 ||     7
 Stab: Paralysed         |     2 |     3 ||     5
       Petrifying        |     1 |       ||     1

Vault maps used:
D:1:      grunt_arrival_lava_bath, minmay_misc_feat_more_columns
D:2:      nemelex_spade_bored_becter
D:4:      serial_shops, nicolae_shop_stone, first_bread
